 Dungeon Crawl Stone Soup version 0.20-a0-640-g62ed22f (webtiles) character file.

845 Chiseanne the Nimble (level 7, 0/39 HPs)
             Began as a Spriggan Wanderer on Feb 12, 2017.
             Was an Initiate of Gozag.
             Slain by a two-headed ogre
             ... wielding a +0 giant club
              (22 damage)
             ... on level 5 of the Dungeon.
             The game lasted 00:20:34 (7422 turns).

Chiseanne the Nimble (Spriggan Wanderer)            Turns: 7422, Time: 00:20:35

Health: 0/39       AC: 11    Str: 10    XL:     7   Next: 68%
Magic:  9/9        EV: 25    Int: 19    God:    Gozag
Gold:   366        SH:  0    Dex: 16    Spells: 6/6 levels left

rFire    . . .     SeeInvis +   s - +1 dagger (protect)
rCold    + . .     Gourm    .   d - +1 robe
rNeg     . . .     Faith    .   (shield restricted)
rPois    .         Spirit   .   p - +1 hat
rElec    .         Reflect  .   (no cloak)
rCorr    .         Harm     .   (gloves unavailable)
MR       +....                  (boots unavailable)
Stlth    ++........             (no amulet)
Regen    0.2/turn               y - ring of protection from cold
MPRegen  0.2/turn               t - +6 ring of intelligence

@: protection aura, very quick
A: unfitting armour, see invisible, herbivore 3, speed 3, slow metabolism 2
a: Potion Petition, Call Merchant, Bribe Branch, Renounce Religion


You were on level 5 of the Dungeon.
You worshipped Gozag.
Gozag was aware of your devotion.
You were hungry.

You visited 2 branches of the dungeon, and saw 6 of its levels.

You collected 435 gold pieces.
You paid 69 gold pieces to Gozag.

Inventory:

Hand Weapons
 a - a +2 short sword
 s - a +1 dagger of protection (weapon)
Missiles
 e - 27 sling bullets
 g - 5 tomahawks (quivered)
 h - 95 stones
 j - 53 arrows
 n - 25 bolts
 w - a silver tomahawk
Armour
 d - a +1 robe (worn)
 p - a +1 hat (worn)
Magical Staves
 A - an uncursed staff of air
Jewellery
 t - a +6 ring of intelligence (left hand)
 y - a ring of protection from cold (right hand)
Scrolls
 b - 4 scrolls of teleportation
 i - 4 scrolls of remove curse
Potions
 c - 3 potions of curing
 k - a potion of agility {unknown}
 l - a potion of invisibility {unknown}
 m - a potion of haste {unknown}
 q - a potion of magic
 r - a potion of heal wounds
 u - a potion of might {unknown}
 x - a potion of flight {unknown}
 B - a potion of brilliance
Comestibles
 f - 3 bread rations


   Skills:
 * Level 5.4 Fighting
 - Level 2.1 Short Blades
   Level 1.2 Bows
 * Level 9.3 Dodging
 - Level 1.5 Stealth
 - Level 1.3 Evocations


You had 6 spell levels left.
You didn't know any spells.

Dungeon Overview and Level Annotations

Branches:
Dungeon (5/15)             Temple (1/1) D:4

Altars:
Ashenzari
Cheibriados
Dithmenos
Elyvilon
Fedhas
Gozag
Hepliaklqana
Kikubaaqudgha
Makhleb
Qazlal
Ru
Trog
Zin
The Shining One


Innate Abilities, Weirdness & Mutations

You are very small and have problems with some larger weapons.
You are too small for most types of armour.
You have supernaturally acute eyesight. (SInv)
You are a herbivore.
You cover ground extremely quickly.
You need consume almost no food.


Message History

The tomahawk hits the two-headed ogre but does no damage.
Throwing (i - inventory. (,) - cycle):
g - 7 tomahawks (quivered)
Press: ? - help, Shift-Dir - straight line, f/p - two-headed ogre
Aim: a two-headed ogre, wielding a giant club and a giant spiked club You throw a tomahawk.
The tomahawk hits the two-headed ogre.
The two-headed ogre is lightly wounded.
Throwing (i - inventory. (,) - cycle):
g - 6 tomahawks (quivered)
Press: ? - help, Shift-Dir - straight line, f/p - two-headed ogre
Aim: a two-headed ogre, wielding a giant club and a giant spiked club (lightly wounded)
You throw a tomahawk.
The tomahawk hits the two-headed ogre but does no damage.
The two-headed ogre is lightly wounded.
You hit the two-headed ogre.
Your weapon exudes an aura of protection.
The two-headed ogre is lightly wounded.
The two-headed ogre hits you with a giant club!
The two-headed ogre hits you with a giant spiked club!!
Ouch! That really hurt!
You die...
Your body crumbles into a pile of gold.

# #.##..... # #.#..#... #
#.####... # #.#...... # #.#.###.#
# #.#.# #.#
#########################.#.###.#
...?......................#.....#
................@O((.(.(.........
#######....................#.####
#.##################.#....#
#.#...#.<..O....(..........
#.#.#..................##.#
#.#.################.#.....
#.#............[.......####
#######.#################.#..# #
.........# #.#..# #


You could see a two-headed ogre.

Vanquished Creatures
  An ice beast (D:5)
  2 ogres
  A scorpion (D:5)
  A water moccasin skeleton (D:4)
  An orc priest (D:4)
  2 centaur skeletons
  A hound (D:4)
  3 orc wizards
  2 iguanas (D:5)
  A worker ant (D:4)
  Robin (D:2)
  3 gnolls (D:5)
  5 adders
  3 dart slugs
  3 leopard geckos
  12 orcs
  6 bats
  4 giant cockroaches
  13 goblins
  10 hobgoblins
  16 jackals
  A quokka (D:2)
  A ball python (D:2)
  10 frilled lizards
  A giant cockroach zombie (D:5)
  9 kobolds
  A leopard gecko zombie (D:5)
  13 rats
127 creatures vanquished.

Notes
Turn   | Place    | Note
-------+----------+-------------------------------------------
     0 | D:1      | Chiseanne the Spriggan Wanderer began the quest for the Orb.
     0 | D:1      | Chiseanne set off with: a +2 short sword, a scroll of teleportation, a potion of curing, a +0 robe, a bread ration
     0 | D:1      | Reached XP level 1. HP: 10/10 MP: 3/3
   364 | D:1      | Reached XP level 2. HP: 15/15 MP: 4/4
   372 | D:1      | Reached skill level 4 in Dodging
   821 | D:1      | Reached XP level 3. HP: 18/18 MP: 5/5
  1253 | D:2      | Noticed Robin
  1295 | D:2      | Killed Robin
  1606 | D:2      | Reached skill level 5 in Dodging
  1762 | D:2      | Reached XP level 4. HP: 7/23 MP: 6/6
  1952 | D:2      | Found a sacrificial altar of Ru.
  2768 | D:3      | You fall through a shaft for 2 floors!
  2768 | D:5      | Entered Level 5 of the Dungeon
  2778 | D:5      | Reached skill level 6 in Dodging
  2778 | D:5      | Reached XP level 5. HP: 17/28 MP: 7/7
  3340 | D:3      | Found a blossoming altar of Fedhas.
  3341 | D:3      | Found an ancient bone altar of Kikubaaqudgha.
  3799 | D:4      | Noticed an ogre
  3816 | D:4      | Killed an ogre
  3816 | D:4      | Reached skill level 7 in Dodging
  3816 | D:4      | Reached XP level 6. HP: 31/33 MP: 8/8
  4787 | D:4      | Found a staircase to the Ecumenical Temple.
  4826 | D:4      | Reached skill level 8 in Dodging
  4849 | Temple   | Entered the Ecumenical Temple
  4872 | Temple   | hittemvvvhard: how do you get it to walk around like that on autoexplore?
  4884 | Temple   | Chiseanne: what do you mean?
  4884 | Temple   | hittemvvvhard: for me its instantaneuous, and i see footsteps of where i went
  4884 | Temple   | Chiseanne: I just sometimes take control and actually walk around
  4884 | Temple   | Chiseanne: ah
  4884 | Temple   | Chiseanne: ok
  4884 | Temple   | Chiseanne: you can turn the footsteps off and set travel time
  4884 | Temple   | hittemvvvhard: in the rc?
  4884 | Temple   | Chiseanne: theres a text file next to the link you click when u enter the game
  4884 | Temple   | Chiseanne: aye
  4884 | Temple   | Chiseanne: let mee see if I can copy it for you..sec pls
  4884 | Temple   | Chiseanne: travel_delay = 10 (or -1 online) explore_delay = 10
  4884 | Temple   | Chiseanne: so thats what I did
  4884 | Temple   | hittemvvvhard: thanks! ill play around with it and see what i like
  4884 | Temple   | Chiseanne: you can fiddle around with the numbers to find out the right timing you like
  4884 | Temple   | Chiseanne: ok
  4907 | Temple   | Chiseanne: and for the foot steps..just do ctrl-f and search for footsteps..you can turn it on or off
  4991 | Temple   | Became a worshipper of Gozag Ym Sagoz the Greedy
  5617 | D:5      | Reached XP level 7. HP: 23/38 MP: 9/9
  6191 | D:5      | Reached skill level 5 in Fighting
  6560 | D:5      | Reached skill level 9 in Dodging
  6952 | D:5      | Noticed a two-headed ogre
  7422 | D:5      | Slain by a two-headed ogre

Vault maps used:
D:1:      scummos_arrival_hexagon, roderic_lattice_a, serial_bayou_ford_a
D:2:      nicolae_ru_sacrificial_ziggurat, first_bread, uniq_robin
D:3:      grunt_temple_overflow_growth_and_decay
D:4:      minmay_temple_entry_statues_pillars, serial_bayou_pond_d
D:5:      minmay_misc_feat_tiny
Temple:   hc_temple_tempest_star

Skill      XL: |  1  2  3  4  5  6  7 |
---------------+----------------------+-----
Fighting       | 2 3 4 5 |  5.4
Dodging        | 4 5 6 7 8 9 |  9.3
Short Blades   | |  2.1
Bows           | |  1.2
Stealth        | |  1.5
Evocations     | |  1.3

Action                   |  1- 3 |  4- 6 |  7- 9 || total
-------------------------+-------+-------+-------++-------
Melee: Short sword       |   165 |   230 |   113 ||   508
       Dagger            |       |    23 |    70 ||    93
Throw: Tomahawk          |       |    18 |    25 ||    43
       Stone             |       |       |     2 ||     2
       Throwing net      |       |       |     2 ||     2
  Use: Scroll            |     3 |     2 |     5 ||    10
       Potion            |       |     1 |     1 ||     2
 Stab: Sleeping          |     3 |     4 |       ||     7
       Distracted        |       |       |     2 ||     2
       Held in net/web   |       |       |     1 ||     1
  Eat: Royal jelly       |       |     2 |       ||     2
Armor: Robe              |     6 |    13 |    12 ||    31
Dodge: Dodged            |   132 |   214 |   138 ||   484
